Map: 여명 - 래더 (공허의 유산)

Players

Forte

  • Race: Terran Terran
  • League: Master
  • Spawn Location: 1:00

Leenock - Winner!

  • Race: Zerg Zerg
  • League: Master
  • Spawn Location: 7:00

VOD

Have the link to the VOD?

Description

Time

  • Played on: Nov. 27, 2016, 7:25 a.m.
  • Length: 12:05
Show
View Real Time Build Order
Export as new Build Order

Forte Terran 

Build Orders: Reaper Expand, Bio Mine 

Get SALT Encoding   

  12  0:00  SCV  
  13  0:13  SCV  
  14  0:17  Supply Depot  
  14  0:25  SCV  
  15  0:39  SCV  
  15  0:40  Barracks  
  16  0:44  Refinery  
  16  0:51  SCV  
  17  1:03  SCV  
  18  1:15  SCV  
  19  1:27  Orbital Command, Reaper  
  20  1:41  Command Center  
  20  1:51  Barracks  
  20  1:54  SCV  
  20  1:59  Barracks Reactor  
  21  2:04  Supply Depot  
  21  2:10  SCV  
  21  2:12  Refinery  
  22  2:22  SCV  
  23  2:23  Factory  
  23  2:34  SCV  
  24  2:37  Marine x2  
  26  2:46  SCV, Barracks Tech Lab  
  27  2:52  Orbital Command  
  27  2:58  SCV, Marine x2  
  27  3:04  Stimpack, Marine  
  31  3:10  SCV  
  32  3:17  Starport  
  32  3:19  SCV  
  33  3:22  Factory Reactor  
  33  3:27  Marine x3  
  36  3:34  SCV x2  
  36  3:38  Supply Depot  
  38  3:46  SCV x2  
  38  3:47  Marine x3  
  43  3:58  SCV  
  43  3:59  SCV  
  43  4:01  Supply Depot  
  45  4:05  Medivac x2  
  45  4:07  Marine x3  
  51  4:11  SCV x2  
  53  4:18  Supply Depot  
  53  4:25  SCV x2  
  53  4:28  Marine x3  
  58  4:36  Command Center  
  58  4:39  SCV x2  
  58  4:44  Widow Mine  
  58  4:45  Medivac  
  64  4:48  Supply Depot  
  64  4:53  SCV  
  64  4:54  SCV  
  64  4:57  Supply Depot, Marine x3  
  69  5:06  Engineering Bay  
  69  5:07  Combat Shields, Engineering Bay  
  69  5:10  SCV x2  
  71  5:22  Factory Reactor, SCV x2  
  71  5:24  Marine x3  
  76  5:34  SCV x2  
  78  5:41  Refinery  
  78  5:43  Terran Infantry Weapons Level 1, Terran Infantry Armor Level 1  
  78  5:46  SCV x2  
  79  5:50  Orbital Command  
  79  6:01  Barracks x2, Marine x3  
  82  6:12  Barracks  
  82  6:14  Refinery  
  82  6:17  SCV x2  
  84  6:20  Orbital Command  
  84  6:21  Marine x3  
  84  6:22  Widow Mine x2, Supply Depot  
  84  6:23  Medivac x2  
  95  6:29  SCV x2  
  95  6:31  Supply Depot  
  97  6:39  Marine x3  
  98  6:47  SCV x3  
  92  6:49  Barracks Reactor x2  
  93  6:54  Supply Depot x2  
  93  6:56  Armory, Marine  
  93  6:57  Marine x2  
  93  6:59  SCV x3  
  99  7:02  Supply Depot  
  99  7:04  Barracks Reactor  
  99  7:11  SCV x3  
  101  7:20  Supply Depot x2  
  101  7:21  Marine x3  
  103  7:23  SCV x2  
  103  7:24  Medivac x2, Widow Mine x2, SCV  
  114  7:34  Factory  
  114  7:37  Marine x4  
  114  7:39  Marine x2  
  114  7:40  SCV x3  
  114  7:42  Refinery  
  114  7:44  Supply Depot  
  123  7:45  Supply Depot  
  121  7:52  Terran Infantry Weapons Level 2  
  121  7:57  SCV x3  
  121  8:04  Marine x4  
  121  8:05  Marine x5  
  112  8:13  Widow Mine  
  112  8:14  Widow Mine  
  112  8:16  Terran Infantry Armor Level 2  
  114  8:22  Factory Tech Lab, Marine x6  
  119  8:31  Medivac  
  119  8:32  Medivac  
  123  8:37  Barracks x2  
  123  8:38  Barracks  
  123  8:42  Widow Mine  
  123  8:43  Drilling Claws  
  125  8:50  Marine x7  
  125  8:51  Marauder, Marine  
  135  8:55  Supply Depot  
  135  9:05  Widow Mine x2  
  135  9:07  Medivac x2, Command Center  
  135  9:08  Marine x6  
  149  9:11  Widow Mine  
  149  9:12  Marauder  
  135  9:21  Marine x2  
  128  9:26  Marine x3  
  128  9:27  Barracks Tech Lab x3  
  128  9:28  Concussive Shells  
  128  9:31  Missile Turret  
  131  9:33  Marauder, Terran Vehicle And Ship Armor Level 1, Missile Turret  
  131  9:36  Marine x3  
  131  9:37  Missile Turret  
  136  9:40  Widow Mine x2  
  136  9:44  Thor  
  146  9:52  Medivac  
  138  9:55  Marauder  
  138  9:58  Marine x7  
  138  9:59  Marine  
  147  10:06  Missile Turret  
  143  10:09  Widow Mine x2  
  146  10:18  Marauder, Marine x2  
  146  10:19  Marine x2  
  152  10:25  Medivac x2  
  152  10:27  Thor  
  154  10:39  Marine x8  
  154  10:40  Marine  
  163  10:49  Refinery  
  153  10:51  Marine x3  
  156  10:57  Marine x3  
  159  11:04  Widow Mine x2  
  159  11:05  Medivac x2  
  159  11:06  Marine x6  
  159  11:10  Supply Depot  
  159  11:11  Missile Turret  
  173  11:13  Missile Turret  
  146  11:21  Marine x6  
  146  11:23  Marine  
  146  11:24  Marine x4  
  118  11:29  Marine  
  101  11:36  Widow Mine  
  101  11:39  Marine x6  
  98  11:41  Marine  
  98  11:42  Marine x2  
  98  11:46  Marine x2  
  102  11:47  Marine  
Show
View Real Time Build Order
Export as new Build Order

Leenock Zerg - Winner!

Build Orders: Hatch First, Muta Ling Bane 

Get SALT Encoding   

  12  0:00  Drone  
  13  0:12  Overlord  
  13  0:17  Drone  
  14  0:30  Drone x2  
  14  0:35  Drone  
  17  0:52  Hatchery  
  17  0:54  Drone  
  17  0:58  Drone  
  18  1:09  Extractor  
  17  1:13  Spawning Pool  
  17  1:16  Drone  
  17  1:19  Drone  
  18  1:28  Drone  
  19  1:38  Overlord  
  19  2:00  Zergling x2, Queen  
  19  2:01  Zergling x2  
  23  2:03  Queen  
  23  2:04  Zergling x2  
  26  2:08  Metabolic Boost  
  26  2:11  Drone  
  28  2:15  Drone  
  28  2:22  Drone  
  29  2:25  Drone  
  30  2:33  Drone  
  30  2:36  Queen  
  33  2:45  Overlord  
  33  2:46  Drone  
  33  2:47  Pneumatized Carapace  
  33  2:50  Drone  
  35  2:54  Drone  
  36  3:03  Overlord  
  36  3:07  Drone  
  36  3:09  Drone  
  36  3:10  Drone x3  
  36  3:12  Drone  
  42  3:14  Drone  
  42  3:17  Drone  
  44  3:24  Drone x2  
  46  3:35  Hatchery  
  46  3:41  Overlord  
  45  3:42  Queen  
  45  3:48  Queen  
  47  3:52  Drone x3  
  52  3:56  Evolution Chamber  
  52  3:58  Evolution Chamber  
  50  4:03  Extractor  
  50  4:04  Drone x3  
  50  4:05  Zergling x2  
  53  4:11  Overlord  
  53  4:13  Zergling x4  
  55  4:19  Zergling x2  
  55  4:20  Zergling x8  
  60  4:27  Zerg Ground Armor Level 1  
  60  4:29  Zerg Melee Weapons Level 1  
  60  4:31  Zergling x4  
  60  4:34  Zergling x2  
  63  4:43  Zergling x2  
  63  4:44  Zergling x4  
  66  4:45  Baneling Nest  
  66  4:49  Zergling x2  
  66  4:52  Queen  
  67  4:54  Queen  
  67  4:57  Zergling x2  
  70  5:02  Zergling x4  
  70  5:03  Zergling x2  
  73  5:09  Lair  
  73  5:10  Zergling x2  
  74  5:16  Overlord  
  69  5:25  Drone x8  
  74  5:30  Overlord  
  74  5:34  Spore Crawler, Drone  
  74  5:35  Drone  
  74  5:39  Baneling x4  
  74  5:40  Baneling, Drone x2  
  74  5:42  Drone  
  77  5:52  Drone x6  
  77  5:54  Drone  
  84  5:58  Drone  
  85  6:07  Drone x5  
  90  6:11  Extractor  
  90  6:12  Extractor  
  90  6:13  Hatchery  
  87  6:20  Centrifical Hooks, Overseer  
  87  6:23  Drone x3  
  87  6:24  Overlord x2  
  87  6:25  Extractor  
  89  6:27  Extractor  
  86  6:48  Drone  
  86  6:51  Zerg Ground Armor Level 2  
  86  6:52  Drone x4  
  86  6:54  Zergling x18, Drone  
  93  7:00  Zerg Melee Weapons Level 2  
  101  7:02  Overlord  
  101  7:05  Overlord  
  99  7:11  Drone  
  99  7:14  Spire, Drone  
  99  7:20  Overlord x2  
  99  7:21  Hatchery  
  98  7:23  Zergling x12  
  98  7:26  Drone  
  98  7:29  Spore Crawler  
  104  7:33  Zergling x4  
  104  7:35  Zergling x4  
  108  7:39  Zergling x4  
  110  7:48  Zergling x2  
  110  7:51  Zergling x4  
  111  7:55  Zergling x2  
  110  7:58  Zergling x2  
  110  7:59  Zergling x8  
  110  8:03  Drone x2  
  115  8:05  Zergling x2  
  115  8:06  Zergling x8  
  115  8:09  Zergling x4  
  120  8:15  Hatchery  
  113  8:20  Zergling x2  
  113  8:21  Zergling x10  
  119  8:28  Baneling x3  
  119  8:35  Mutalisk x6  
  119  8:38  Mutalisk  
  119  8:41  Mutalisk  
  133  8:44  Overlord  
  133  8:45  Overlord  
  135  8:53  Baneling  
  135  8:54  Baneling x4, Overlord x3  
  135  8:56  Overseer  
  135  9:00  Baneling x5  
  135  9:02  Mutalisk  
  135  9:03  Mutalisk x6  
  135  9:05  Zergling x4  
  135  9:06  Zergling x2  
  131  9:24  Drone  
  132  9:33  Zergling x28  
  132  9:37  Drone x2  
  132  9:38  Zergling x2  
  149  9:41  Zergling x2  
  149  9:45  Zergling x2, Overlord  
  151  9:47  Zergling x2  
  151  9:50  Zergling x2  
  151  9:51  Zergling x2  
  154  9:53  Zergling x6  
  154  9:58  Zergling x4  
  159  10:02  Zergling x4  
  159  10:03  Zergling x2  
  160  10:07  Zergling x20  
  160  10:11  Baneling x8  
  168  10:15  Zergling x2  
  168  10:16  Zergling x10  
  168  10:20  Zergling x2  
  168  10:21  Zergling x2  
  173  10:36  Zergling x2  
  173  10:37  Zergling x28  
  173  10:40  Zergling x2  
  173  10:42  Overlord x2  
  189  10:48  Baneling x2  
  189  10:49  Baneling x22  
  189  10:52  Baneling x7  
  189  10:53  Baneling  
  189  10:56  Infestation Pit  
  188  11:09  Zergling x2  
  166  11:18  Zergling x2  
  166  11:19  Zergling x36  
  166  11:23  Zergling x12  
  175  11:28  Zergling x4  
  170  11:40  Zergling x26  
  170  11:42  Baneling x4  
Tags
 
Add a new tag
Caveats
  • Supply blocks, unpowered buildings, or Contaminate may cause inaccurate times.
  • Supply counts are checked every 10 seconds.